 Dungeon Crawl Stone Soup version 0.18-a0-1535-g243bd92 (webtiles) character file.

40 Malachi the Ruffian (level 3, 0/33 HPs)
             Began as an Ogre Transmuter on Oct 9, 2015.
             Succumbed to an adder's poison
             ... on level 2 of the Dungeon on Mar 9, 2016.
             The game lasted 00:01:48 (1327 turns).

Malachi the Ruffian (Ogre Transmuter)               Turns: 1327, Time: 00:01:48

Health: 0/33       AC:  3    Str: 15    XL:     3   Next: 50%
Magic:  7/7        EV: 10    Int: 13    God:
Gold:   17         SH:  0    Dex: 10    Spells: 1 memorised, 6 levels left

rFire  . . .     SeeInvis .       - Unarmed
rCold  . . .     Gourm    .     b - +0 robe
rNeg   . . .     Faith    .     (no shield)
rPois  .         Spirit   .     (helmet restricted)
rElec  .         Dismiss  .     (no cloak)
rCorr  .         Reflect  .     (gloves unavailable)
SustAt .         Harm     .     (boots unavailable)
MR     .....                    (no amulet)
Stlth  +.........               (no ring)
                                (no ring)

@: lethally poisoned (0 -> -8), not resistant to hostile enchantments, very
unstealthy
A: unfitting armour, tough skin 1
a: no special abilities


You were on level 2 of the Dungeon.
You were near starving.

You visited 1 branch of the dungeon, and saw 2 of its levels.

You collected 17 gold pieces.

Inventory:

Missiles
 a - 12 arrows
Armour
 b - a +0 robe (worn)
Scrolls
 e - a scroll of blinking {unknown}
 h - a scroll of recharging {unknown}
 i - 3 scrolls of identify {unknown}
 m - a scroll of enchant weapon {unknown}
 o - a scroll of immolation {unknown}
Potions
 f - a potion of invisibility {unknown}
 g - a potion of degeneration {unknown}
 j - a potion of lignification {unknown}
 k - a potion of flight {unknown}
Books
 c - a book of Changes

   Spells                             Type                      Level
   a - Beastly Appendage              Transmutation                1
   b - Sticks to Snakes               Transmutation                2
   c - Spider Form                    Transmutation/Poison         3
   d - Ice Form                       Ice/Transmutation            4
   e - Blade Hands                    Transmutation                5
Comestibles
 d - 3 bread rations
 l - a meat ration
 n - a beef jerky


   Skills:
 + Level 1.5 Fighting
 + Level 2.2 Dodging
 + Level 0.1 Stealth
 + Level 3.2 Unarmed Combat
 + Level 2.8 Spellcasting
 + Level 1.6 Transmutations


You had 6 spell levels left.
You knew the following spells:

 Your Spells              Type           Power        Failure   Level  Hunger
a - Beastly Appendage     Trmt           #.....       14%         1    #......


Dungeon Overview and Level Annotations

Branches:
Dungeon (2/15)

Altars:
Ashenzari


Innate Abilities, Weirdness & Mutations

You are too large for most types of armour.
You have tough skin (AC +1).


Message History

You closely miss the adder. The adder barely misses you.
You closely miss the adder.
* * * LOW HITPOINT WARNING * * *
You feel sick. The adder barely misses you. The adder barely misses you.
You see here a short sword.
Unknown command.
Welcome back, Malachi the Ogre Transmuter.
Press ? for a list of commands and other information.
You barely miss the adder.
* * * LOW HITPOINT WARNING * * *
You feel sick. The adder misses you.
You hit the adder.
The adder is moderately wounded.
The adder bites you.
* * * LOW HITPOINT WARNING * * *
You are more poisoned.
The adder poisons you!
You hit the adder.
The adder is severely wounded.
You die...

#.# ....
#.######
.....
#......#####
.....
#.####.....#
...... #.#
#.....#
...(.. #.#
#.....##
......# #.#
#......#
##.....##.#
#......##
......(@..#
####....#
...#...S..#
###.##
#.......#
###..
#.#.#...#
._.
#...[...#
...
#...#.....
###
.........##
.#
...#####...
.# .#.. ...#


You could see an adder.

Vanquished Creatures
  An adder (D:2)
  An ooze (D:1)
  A ball python (D:1)
  3 goblins (D:1)
  5 hobgoblins (D:1)
  A kobold (D:2)
  5 bats (D:1)
  2 giant cockroaches (D:1)
  2 giant newts (D:1)
  3 rats (D:1)
24 creatures vanquished.

Notes
Turn   | Place    | Note
--------------------------------------------------------------
     0 | D:1      | Malachi the Ogre Transmuter began the quest for the Orb.
     0 | D:1      | Reached XP level 1. HP: 19/19 MP: 3/3
   420 | D:1      | Reached XP level 2. HP: 27/27 MP: 3/5
   433 | D:1      | Reached skill level 3 in Unarmed Combat
   705 | D:1      | Reached XP level 3. HP: 30/33 MP: 7/7
  1281 | D:2      | Found a shattered altar of Ashenzari.
  1325 | D:2      | Upgraded the game from 0.17-a0-2007-g96ac4c4 to 0.18-a0-1535-g243bd92
  1326 | D:2      | HP: 1/33 [adder (1)]
  1327 | D:2      | Succumbed to an adder's poison

Vault maps used:
D:1:      dpeg_arrival_rhombi
D:2:      hangedman_decor_lopped, nicolae_ashenzari_panopticon

Skill      XL: |  1  2 |
---------------+-------+-----
Unarmed Combat | 3 |  3.2
Fighting       | |  1.5
Dodging        | |  2.2
Stealth        | |  0.1
Spellcasting   | |  2.8
Transmutations | |  1.6

Action                   || total
-------------------------++-------
Melee: Unarmed           ||   111
 Cast: Beastly Appendage ||    12
 Stab: Sleeping          ||     1
